 Dungeon Crawl Stone Soup version 0.27.1-3-gb3d3a73c9e (webtiles) character file.

Game seed: 10208997211769918923

10 Descartes the Sneak (level 2, -1/16 HPs)
             Began as a Deep Elf Wanderer on Oct 8, 2021.
             Slain by a hobgoblin (4 damage)
             ... on level 1 of the Dungeon.
             The game lasted 00:01:08 (623 turns).

Descartes the Sneak (Deep Elf Wanderer)              Turns: 623, Time: 00:01:09

Health: -1/16      AC:  2    Str:  9    XL:     2   Next: 10%
Magic:  4/4        EV: 10    Int: 17    God:
Gold:   3          SH:  7    Dex: 13    Spells: 1/1 levels left

rFire    . . .     SeeInvis .   a - +0 short sword
rCold    . . .     Faith    .   b - +0 kite shield
rNeg     . . .     Spirit   .   d - +0 robe
rPois    .         Reflect  .   (no helmet)
rElec    .         Harm     .   (no cloak)
rCorr    .         Rampage  .   (no gloves)
Will     .....                  (no boots)
Stlth    ++........             (no amulet)
HPRegen  0.05/turn              (no ring)
MPRegen  0.09/turn              (no ring)

@: no status effects
A: no striking features
a: no special abilities


You were on level 1 of the Dungeon.
You visited 1 branch of the dungeon, and saw 1 of its levels.

You collected 3 gold pieces.

Inventory:

Hand Weapons
 a - a +0 short sword (weapon)
 c - a +0 quarterstaff
 e - a +0 dagger
Armour
 b - a +0 kite shield (worn)
 d - a +0 robe (worn)
Scrolls
 f - a scroll of amnesia {unknown}
Potions
 g - a potion of brilliance {unknown}


   Skills:
 - Level 1.5 Fighting
 - Level 2.0 Staves
 + Level 2.8 Dodging
 + Level 2.9 Stealth
 + Level 1.3 Shields
 - Level 1.1 Evocations


You had one spell level left.
You didn't know any spells.
Your spell library was empty.

Dungeon Overview and Level Annotations

Branches:
Dungeon (1/15)

Altars:


Message History

You are too injured to fight recklessly!
You are too injured to fight recklessly!
You are too injured to fight recklessly!
You are too injured to fight recklessly!
You are too injured to fight recklessly!
A hobgoblin is nearby!
You hit the hobgoblin but do no damage.
The hobgoblin is severely wounded.
The hobgoblin completely misses you.
You hit the hobgoblin.
The hobgoblin is severely wounded.
You block the hobgoblin's attack.
You hit the hobgoblin but do no damage.
The hobgoblin is severely wounded.
You block the hobgoblin's attack. x2
You closely miss the hobgoblin.
The hobgoblin is severely wounded.
The hobgoblin closely misses you.
You hit the hobgoblin but do no damage.
The hobgoblin is severely wounded.
You block the hobgoblin's attack.
You closely miss the hobgoblin.
The hobgoblin is severely wounded.
The hobgoblin hits you.
* * * LOW HITPOINT WARNING * * *
You block the hobgoblin's attack.
You hit the hobgoblin but do no damage.
The hobgoblin is severely wounded.
The hobgoblin hits you but does no damage.
There is an open door here.
You barely miss the hobgoblin.
The hobgoblin is severely wounded.
You block the hobgoblin's attack.
You barely miss the hobgoblin.
The hobgoblin is severely wounded.
You block the hobgoblin's attack.
You closely miss the hobgoblin.
The hobgoblin is severely wounded.
The hobgoblin hits you.
You die...

........#.# ##.## ##.
###.###>..## #.# #. #.##.###.##
#.# #. # #.#.## ##.# #.### #####'
## #...# #.# #...# ##.##..
.#####.## ##.# ###.# #..<#.. ..##
##.###.## ##.## #..##..
...####....##########...###......
...'...........g@................
...###........#######...####.....
..## #.#.#.##.# #...## ##.... .##
#..###.#)# #.### ##... ## ##.##
##..# #.# ##.. # #.## ##.#
####.###########+ ##.## ##..#
#.......#....# #. #..###.#.#
#.##.##.#.##.# #. #)#.#.##.# #
#.##.#.##.###.


You could see a hobgoblin.

Vanquished Creatures
  An endoplasm (D:1)
  3 goblins (D:1)
  A quokka (D:1)
  A ball python (D:1)
  2 frilled lizards (D:1)
  2 rats (D:1)
10 creatures vanquished.

Notes
Turn   | Place    | Note
-------+----------+-------------------------------------------
     0 | D:1      | Descartes the Deep Elf Wanderer began the quest for the
                  | Orb.
     0 | D:1      | Descartes set off with the following items: a +0 short
                  | sword, a +0 kite shield, a +0 quarterstaff, a +0 robe, a +0
                  | dagger
     0 | D:1      | Reached XP level 1. HP: 12/12 MP: 3/3
   202 | D:1      | Found a faded altar of an unknown god.
   422 | D:1      | Reached XP level 2. HP: 16/16 MP: 4/4
   623 | D:1      | Slain by a hobgoblin

Illustrated notes

Levels and vault maps discovered:
D:1:      saegor_arrival_simple_a, layout_loops_corners,
          hellmonk_ecumenical_altar_pennies_from_heaven

Action                   || total
-------------------------++-------
Melee: Short sword       ||    45
 Stab: Sleeping          ||     3
Armor: Robe              ||     8
Dodge: Dodged            ||    11
Block: Kite shield       ||    18
